 Dungeon Crawl Stone Soup version 0.23.2 (webtiles) character file.

Game seed: 16390918731967499527

158 Oratoriorae the Grave Robber (level 5, 0/35 HPs)
             Began as a Demonspawn Necromancer on Apr 5, 2019.
             Was a Follower of Sif Muna.
             Slain by a slave (10 damage)
             ... led by Pikel
             ... on level 4 of the Dungeon.
             The game lasted 00:33:18 (3608 turns).

Oratoriorae the Grave Robber (DsNe)                 Turns: 3608, Time: 00:33:18

Health: 0/35       AC:  4    Str:  9    XL:     5   Next: 16%
Magic:  1/9        EV: 13    Int: 17    God:    Sif Muna [*.....]
Gold:   141        SH:  0    Dex: 13    Spells: 5/9 levels left

rFire    . . .     SeeInvis .   H - +0 great sword (freeze)
rCold    . . .     Gourm    .   (shield currently unavailable)
rNeg     . . .     Faith    .   a - +0 robe
rPois    .         Spirit   .   (helmet restricted)
rElec    .         Reflect  .   h - +0 cloak
rCorr    .         Harm     .   n - +0 pair of gloves
MR       .....                  (no boots)
Stlth    +++.......             (no amulet)
HPRegen  0.11/turn              t - ring of stealth
MPRegen  0.11/turn              (no ring)

@: divine energy
A: horns 2, rot immunity
a: Stop Divine Energy, Renounce Religion


You were on level 4 of the Dungeon.
You worshipped Sif Muna.
Sif Muna was aware of your devotion.
You were not hungry.

You visited 1 branch of the dungeon, and saw 4 of its levels.

You collected 141 gold pieces.

Inventory:

Hand Weapons
 b - a +0 club
 i - a +0 club
 k - a +0 hunting sling
 m - a +0 whip
 o - a +0 whip
 y - a cursed -1 long sword
 D - a +0 quarterstaff
 G - a +0 mace
 H - a +0 great sword of freezing (weapon)
 K - a +0 whip
Missiles
 e - 28 arrows
 j - 100 stones (quivered)
Armour
 a - a +0 robe (worn)
 c - a +0 buckler
 g - a +0 ring mail
 h - a +0 cloak (worn)
 l - a +0 plate armour
 n - a +0 pair of gloves (worn)
 r - a +0 robe
 x - a +0 shield
 E - a +0 leather armour
 J - a +0 ring mail
 M - a scarf of spirit shield
Jewellery
 t - a ring of stealth (left hand)
Scrolls
 f - a scroll of enchant weapon {unknown}
 p - a scroll of fear {unknown}
 w - a scroll of teleportation {unknown}
 C - 2 scrolls of immolation {unknown}
 I - a scroll of blinking {unknown}
Potions
 d - 2 potions of lignification {unknown}
 q - 3 potions of degeneration {unknown}
 s - 2 potions of haste {unknown}
 u - a potion of agility {unknown}
 z - a potion of invisibility {unknown}
 A - 2 potions of resistance {unknown}
 B - a potion of heal wounds {unknown}
 F - a potion of flight {unknown}
 L - a potion of curing {unknown}
Comestibles
 v - 5 rations


   Skills:
 * Level 1.1 Long Blades
 + Level 2.5 Dodging
 + Level 2.6 Stealth
 + Level 2.7 Spellcasting
 * Level 5.5 Necromancy


You had 5 spell levels left.
You knew the following spells:

 Your Spells              Type           Power        Failure   Level  Hunger
a - Pain                  Necr           ###.         1%          1    #......
b - Vampiric Draining     Necr           ###.......   5%          3    ###....

Your spell library contained the following spells:

 Spells                   Type           Power        Failure   Level  Hunger
 Animate Skeleton         Necr           N/A          1%          1    #......
 Regeneration             Chrm/Necr      ##........   17%         3    ###....
 Animate Dead             Necr           N/A          19%         4    #####..


Dungeon Overview and Level Annotations

Branches:
Dungeon (4/15)
 Temple: D:4-7

Altars:
Kikubaaqudgha
Makhleb
Sif Muna
Xom

Annotations:
D:4 Pikel


Innate Abilities, Weirdness & Mutations

You have a pair of horns on your head.
You are immune to rotting.


Message History

The slave is moderately wounded.
You feel life coursing into your body. Sif Muna grants you divine energy.
You briefly lose access to your magic!
The slave closely misses you.
You are unable to access your magic!
You feel sick.
You regain access to your magic.
The slave hits you.
Pikel zaps a wand.
Your will is overpowered!
You are confused.
You see here an adder corpse.
You feel sick.
You are no longer poisoned.
The slave hits you.
There is a stone staircase leading up here.
The slave hits you.
In your confused state, you trip and fall back down the stairs.
* * * LOW HITPOINT WARNING * * *
You feel less confused. The slave hits you!
You die...

#....# .. #....##..
##########...... .
............#.###.##
....................
..........K......#
...##........#......
........p##.........
...#...@.....#####..
#.....[....# .
....#........# .##
##########


You could see Pikel and a slave.

Vanquished Creatures
  3 slaves
  A worker ant (D:3)
  6 adders
  A worm (D:3)
  A leopard gecko (D:1)
  An orc (D:3)
  11 bats
  7 giant cockroaches
  5 goblins
  12 hobgoblins
  6 jackals
  A quokka (D:3)
  3 ball pythons
  6 frilled lizards
  3 kobolds
  9 rats
76 creatures vanquished.

Notes
Turn   | Place    | Note
-------+----------+-------------------------------------------
     0 | D:1      | Oratoriorae the Demonspawn Necromancer began the quest for
                  | the Orb.
     0 | D:1      | Reached XP level 1. HP: 13/13 MP: 3/3
   434 | D:1      | Gained mutation: You are immune to rotting. [demonic
                  | ancestry]
   434 | D:1      | Reached XP level 2. HP: 15/19 MP: 3/5
  1158 | D:1      | Gained mutation: You have a pair of small horns on your
                  | head. [demonic ancestry]
  1158 | D:1      | Reached XP level 3. HP: 22/24 MP: 0/6
  1483 | D:2      | Found a burning altar of Makhleb.
  1487 | D:2      | Reached skill level 5 in Necromancy
  1503 | D:1      | Learned a level 3 spell: Vampiric Draining
  2275 | D:2      | Gained mutation: You have a pair of horns on your head.
                  | [demonic ancestry]
  2275 | D:2      | Reached XP level 4. HP: 26/30 MP: 4/7
  3165 | D:3      | Found a shimmering altar of Xom.
  3165 | D:3      | Found a deep blue altar of Sif Muna.
  3181 | D:3      | Found a faded altar of an unknown god.
  3236 | D:3      | Found a faded altar of an unknown god.
  3238 | D:3      | Found an ancient bone altar of Kikubaaqudgha.
  3278 | D:3      | Became a worshipper of Sif Muna the Loreminder
  3278 | D:3      | Reached * piety under Sif Muna
  3411 | D:4      | Noticed a slave
  3412 | D:4      | Noticed a slave
  3415 | D:4      | Noticed a slave
  3426 | D:3      | Killed a slave
  3484 | D:3      | Killed a slave
  3499 | D:3      | Reached skill level 1 in Long Blades
  3499 | D:3      | Reached XP level 5. HP: 19/35 MP: 0/9
  3583 | D:4      | Killed a slave
  3593 | D:4      | Noticed a slave
  3598 | D:4      | Noticed Pikel
  3608 | D:4      | Slain by a slave

Skill      XL: |  1  2  3  4 |
---------------+-------------+-----
Stealth        | 2 |  2.6
Dodging        | 2 |  2.5
Necromancy     | 5 |  5.5
Long Blades    | 1 |  1.1
Spellcasting   | |  2.7

Action                   |  1- 3 |  4- 6 || total
-------------------------+-------+-------++-------
Melee: Unarmed           |     8 |       ||     8
       Club              |    40 |    13 ||    53
       Headbutt          |     4 |     6 ||    10
       Great sword       |       |    20 ||    20
       Mace              |       |     1 ||     1
 Cast: Pain              |    70 |    52 ||   122
       Vampiric Draining |     2 |     9 ||    11
Invok: Divine Energy     |       |     1 ||     1
  Eat: Ration            |     2 |     2 ||     4
Armor: Robe              |    27 |    12 ||    39
       Ring mail         |    14 |       ||    14
Dodge: Dodged            |    64 |    58 ||   122
Block: Buckler           |     2 |     2 ||     4
       Rpst.: Great sword |       |    11 ||    11
